Map: Invader LE

Players

blackxored

  • Race: Zerg Zerg
  • League: Diamond

llllllllllll - Winner!

  • Race: Zerg Zerg
  • League: Diamond

VOD

Have the link to the VOD?

Description

Time

  • Played on: July 1, 2016, 11:21 a.m.
  • Length: 13:49
Show
View Real Time Build Order
Export as new Build Order

blackxored Zerg 

Build Orders: Pool First 

Get SALT Encoding   

  12  0:01  Drone  
  13  0:08  Drone  
  14  0:22  Extractor  
  13  0:28  Spawning Pool  
  13  0:32  Drone  
  13  0:37  Drone  
  14  0:46  Overlord  
  14  0:54  Extractor  
  14  0:55  Drone  
  15  1:10  Drone x2  
  17  1:17  Queen  
  19  1:21  Drone  
  20  1:29  Overlord  
  20  1:39  Metabolic Boost  
  20  1:44  Baneling Nest  
  19  1:47  Zergling x2  
  19  1:50  Zergling x2  
  21  1:59  Zergling x2  
  22  2:11  Zergling x2  
  23  2:20  Hatchery  
  23  2:22  Zergling x2  
  23  2:29  Zergling x4  
  25  2:33  Zergling x2  
  26  2:43  Zergling x2  
  27  2:47  Overlord  
  27  2:59  Zergling x4  
  27  3:00  Zergling x2  
  27  3:05  Baneling x3  
  29  3:06  Baneling  
  29  3:08  Zergling x2  
  30  3:17  Zergling x2  
  30  3:29  Zergling x2  
  31  3:37  Zergling x6  
  31  3:40  Overlord  
  34  3:42  Hatchery  
  34  3:47  Queen  
  35  3:52  Baneling x2  
  35  3:53  Baneling  
  35  4:08  Zergling x2  
  35  4:09  Zergling x4  
  33  4:15  Zergling x2  
  33  4:16  Zergling x2  
  28  4:20  Zergling x2  
  25  4:36  Zergling x2  
  26  4:43  Zergling x2  
  27  4:51  Zergling x6, Evolution Chamber  
  29  4:58  Zergling x4  
  31  5:00  Baneling x4  
  31  5:05  Zergling x2  
  32  5:08  Zergling x2  
  33  5:16  Zergling x4  
  33  5:32  Zergling x2  
  33  5:33  Zergling x6  
  27  5:42  Zerg Melee Weapons Level 1  
  27  5:46  Zergling x2  
  28  5:52  Drone  
  28  5:54  Drone  
  30  5:58  Drone  
  30  6:02  Drone  
  32  6:10  Drone x2  
  34  6:14  Drone  
  34  6:18  Drone  
  36  6:21  Drone  
  37  6:27  Drone  
  37  6:30  Drone  
  37  6:31  Drone  
  40  6:36  Drone  
  41  6:41  Drone x2  
  41  6:46  Drone x2  
  45  6:50  Drone x2  
  45  6:54  Overlord  
  47  6:58  Drone x2  
  47  7:00  Drone  
  50  7:03  Drone  
  50  7:04  Drone  
  52  7:11  Overlord  
  52  7:16  Zergling x8  
  52  7:17  Zergling x2  
  58  7:22  Zergling x2  
  58  7:23  Zergling x4  
  60  7:30  Lair  
  60  7:32  Zergling x6  
  63  7:40  Zergling x4  
  63  7:43  Zerg Ground Armor Level 1  
  65  7:46  Extractor, Drone x3  
  65  7:48  Extractor  
  65  7:51  Drone x2  
  68  7:54  Overlord  
  68  8:00  Overlord  
  68  8:15  Zergling x14  
  75  8:23  Zergling x8  
  79  8:30  Zergling x2  
  80  8:35  Overseer  
  80  8:43  Drone  
  80  8:44  Infestation Pit, Zergling x4  
  80  8:45  Zergling x4  
  84  8:51  Overlord  
  84  8:52  Overlord  
  84  9:09  Spore Crawler  
  82  9:15  Spore Crawler x2  
  82  9:16  Zergling x14  
  87  9:21  Hatchery  
  87  9:22  Spore Crawler x2  
  87  9:23  Drone x3  
  87  9:24  Extractor  
  86  9:26  Spore Crawler  
  86  9:44  Overlord x2  
  86  9:50  Spore Crawler  
  85  9:52  Overlord  
  85  9:53  Overlord  
  82  10:20  Infestor  
  82  10:21  Infestor  
  82  10:24  Hive  
  78  10:31  Zergling x12  
  78  10:32  Overlord x3  
  78  10:35  Zerg Melee Weapons Level 2  
  84  10:42  Evolution Chamber  
  79  11:00  Zergling x20  
  68  11:07  Zergling x2  
  68  11:09  Queen  
  51  11:17  Zergling x4  
  53  11:23  Zergling x2  
  48  11:27  Zergling x12  
  52  11:39  Zergling x4  
  50  11:45  Spore Crawler  
  50  11:46  Zergling x2  
  50  11:52  Adrenal Glands, Ultralisk Cavern  
  49  11:54  Zergling x2  
  46  12:19  Zergling x6  
  46  12:20  Zergling x12  
  44  12:47  Overlord  
  49  13:05  Ultralisk  
  45  13:10  Spore Crawler  
Show
View Real Time Build Order
Export as new Build Order

llllllllllll Zerg - Winner!

Build Orders: Pool First 

Get SALT Encoding   

  12  0:00  Drone  
  13  0:08  Drone  
  14  0:27  Spawning Pool  
  13  0:29  Drone  
  14  0:36  Overlord  
  14  0:40  Extractor  
  14  0:42  Drone  
  14  0:47  Extractor  
  13  0:50  Drone  
  13  0:55  Drone  
  15  1:02  Drone  
  16  1:14  Queen  
  16  1:18  Zergling x2  
  19  1:24  Zergling x2  
  20  1:34  Metabolic Boost  
  20  1:38  Zergling x2  
  21  1:45  Zergling x2  
  22  1:55  Overlord  
  22  2:10  Hatchery  
  22  2:13  Zergling x2  
  22  2:18  Zergling x2  
  23  2:23  Zergling x4  
  23  2:25  Zergling x2  
  26  2:33  Zergling x2  
  27  2:38  Queen  
  27  2:42  Drone  
  30  2:52  Overlord  
  30  3:02  Roach Warren  
  30  3:03  Drone  
  27  3:46  Roach x4  
  27  3:48  Roach  
  37  3:57  Roach  
  22  4:21  Queen  
  22  4:22  Zergling x6  
  22  4:23  Zergling x2  
  26  4:27  Queen  
  26  4:28  Zergling x2  
  26  4:29  Zergling x2  
  28  4:34  Drone  
  28  4:37  Zergling x2  
  30  4:43  Roach  
  32  4:49  Roach  
  34  4:55  Roach  
  36  5:06  Roach x2  
  40  5:14  Roach  
  40  5:20  Roach  
  44  5:24  Overlord  
  43  5:49  Drone x3  
  46  5:51  Drone x4  
  50  6:03  Lair  
  50  6:08  Drone  
  51  6:13  Overlord  
  51  6:17  Extractor  
  51  6:18  Extractor, Drone  
  50  6:22  Drone  
  51  6:26  Overlord  
  51  6:41  Drone  
  51  6:42  Drone x3  
  55  6:48  Drone x3  
  55  6:53  Drone  
  59  6:57  Drone x2  
  61  7:02  Drone  
  61  7:04  Drone  
  61  7:06  Drone  
  64  7:18  Spire  
  64  7:20  Drone  
  64  7:21  Drone  
  65  7:25  Overseer  
  65  7:26  Drone  
  65  7:29  Drone  
  67  7:36  Overlord x2  
  67  7:52  Overlord  
  67  7:53  Overlord x3  
  67  8:30  Mutalisk  
  67  8:31  Mutalisk x7  
  67  8:32  Mutalisk x3  
  89  8:42  Zerg Flyer Weapons Level 1  
  89  9:02  Roach x2  
  95  9:03  Roach x2  
  95  9:07  Extractor  
  95  9:08  Hatchery  
  95  9:10  Extractor  
  95  9:14  Glial Reconstitution, Evolution Chamber  
  95  9:15  Evolution Chamber  
  92  9:28  Roach x3  
  92  9:29  Roach  
  100  9:55  Roach x3  
  100  9:56  Roach x4  
  114  10:03  Zerg Missile Weapons Level 1  
  114  10:05  Zerg Ground Armor Level 1  
  114  10:28  Roach  
  114  10:29  Roach x2  
  114  10:30  Overlord x3  
  120  10:36  Drone  
  120  10:37  Overlord  
  111  11:02  Roach  
  111  11:03  Roach x8  
  81  11:41  Roach x3  
  81  11:42  Roach x6  
  97  11:54  Roach x2  
  97  11:55  Roach  
  103  12:06  Roach x3  
  109  12:28  Roach x3  
  109  12:29  Roach x5  
  125  12:41  Roach x3  
  131  12:47  Infestation Pit  
  130  13:04  Roach x2  
  130  13:05  Roach x5  
  130  13:14  Roach x2  
  134  13:25  Roach x3  
Tags
 
Add a new tag
Caveats
  • Supply blocks, unpowered buildings, or Contaminate may cause inaccurate times.
  • Supply counts are checked every 10 seconds.